 Dungeon Crawl Stone Soup version 0.29.0-11-gd7f09526c8 (webtiles) character file.

Game seed: 1979818167640029065

22873 Iusername the Fencer (level 12, -6/104 (108) HPs)
             Began as a Minotaur Fighter on Sept 6, 2022.
             Mangled by a yak (11 damage)
             ... on level 5 of the Lair of Beasts.
             The game lasted 00:32:53 (20113 turns).

Iusername the Fencer (Minotaur Fighter)            Turns: 20113, Time: 00:32:53

HP:   -6/104 (108)  AC: 28    Str: 21    XL:     12   Next: 66%
MP:   11/11         EV: 12    Int:  9    God:
Gold: 767           SH:  0    Dex: 23    Spells: 11/11 levels left

rFire   + . .      SeeInvis .   a - +4 long sword (protect)
rCold   + . .      Faith    .   c - +1 buckler
rNeg    . . .      Spirit   .   D - +1 plate armour
rPois   +          Reflect  .   (helmet restricted)
rElec   +          Harm     .   d - +2 cloak {rPois}
rCorr   +          Rampage  .   B - +0 pair of gloves
Will    .....                   F - +0 pair of boots
Stlth   ..........              A - amulet of the acrobat
HPRegen 0.27/turn               j - +6 ring of dexterity
MPRegen 0.12/turn               w - +6 ring of dexterity

@: confused, resistant, ambrosia-drunk, under a protective aura, hasted, lightly
drained, very quick
A: horns 2, retaliatory headbutt
a: no special abilities


You were on level 5 of the Lair of Beasts.
You visited 3 branches of the dungeon, and saw 15 of its levels.

You collected 767 gold pieces.

Inventory:

Hand Weapons
 a - a +4 long sword of protection (weapon)
Missiles
 b - 5 throwing nets
 q - 2 javelins (quivered)
Armour
 c - a +1 buckler (worn)
 d - a +2 cloak of poison resistance (worn)
 B - a +0 pair of gloves (worn)
 D - a +1 plate armour (worn)
 F - a +0 pair of boots (worn)
Jewellery
 f - a ring of see invisible
 j - a +6 ring of dexterity (left hand)
 o - a +4 ring of evasion
 s - a ring of protection from cold
 u - a +6 ring of intelligence
 w - a +6 ring of dexterity (right hand)
 y - a +4 ring of evasion
 A - an amulet of the acrobat (around neck)
 J - an amulet of faith
 P - a +6 ring of dexterity
Wands
 G - a wand of digging (6)
 H - a wand of paralysis (2)
Scrolls
 g - 2 scrolls of silence
 h - a scroll of blinking
 k - 3 scrolls of poison
 m - 5 scrolls of teleportation
 C - 2 scrolls of brand weapon
 E - 3 scrolls of butterflies
 I - a scroll of magic mapping
 K - a scroll of enchant weapon
 L - a scroll of immolation {unknown}
 M - 2 scrolls of noise {unknown}
 O - a scroll of identify
Potions
 e - 3 potions of mutation
 i - a potion of haste
 l - 3 potions of flight
 n - 3 potions of magic
 p - 5 potions of brilliance
 r - a potion of cancellation {unknown}
 t - 2 potions of degeneration
 v - 3 potions of attraction
 x - 2 potions of resistance
 z - a potion of heal wounds {unknown}


   Skills:
 + Level 10.6 Fighting
 + Level 15.0 Long Blades
 + Level 2.1 Throwing
 - Level 10.0 Armour
 - Level 10.0 Dodging
 + Level 1.6 Stealth
 + Level 11.7 Shields


You had 11 spell levels left.
You didn't know any spells.
Your spell library contained the following spells:

 Spells                   Type           Power      Damage    Failure   Level
 Apportation              Tloc           0%         N/A       100%        1
 Blink                    Tloc           0%         N/A       100%        2
 Ensorcelled Hibernation  Hex/Ice        0%         N/A       100%        2
 Passwall                 Tmut/Erth      0%         N/A       100%        2
 Dazzling Flash           Conj/Hex       0%         N/A       100%        3
 Gell's Gravitas          Tloc           0%         N/A       100%        3
 Lesser Beckoning         Tloc           0%         N/A       100%        3
 Swiftness                Air            0%         N/A       100%        3
 Teleport Other           Tloc           0%         N/A       100%        3
 Hailstorm                Conj/Ice       0%         3d3       100%        4
 Ice Form                 Ice/Tmut       0%         N/A       100%        4
 Agony                    Necr           0%         N/A       100%        5
 Alistair's Intoxication  Tmut/Pois      0%         N/A       100%        5
 Manifold Assault         Tloc           0%         N/A       100%        5
 Silence                  Hex/Air        0%         N/A       100%        5
 Simulacrum               Ice/Necr       0%         N/A       100%        6
 Storm Form               Tmut/Air       0%         N/A       100%        7


Dungeon Overview and Level Annotations

Branches:
Dungeon (9/15)             Temple (1/1) D:4            Lair (5/5) D:9
  Swamp (0/4) Lair:2        Snake (0/4) Lair:3
  Slime: Lair:4-5       Orc: D:9-12

Altars:
Ashenzari
Cheibriados
Elyvilon
Fedhas
Gozag
Hepliaklqana
Kikubaaqudgha
Makhleb
Okawaru
Qazlal
Ru
Sif Muna
Trog
Uskayaw
Vehumet
Wu Jian
Xom
Yredelemnul
Zin
The Shining One

Shops:
D:7 [(


Innate Abilities, Weirdness & Mutations

You have a pair of horns on your head.
You reflexively headbutt those who attack you in melee.


Message History

You furiously retaliate!
You headbutt Josephine. You slash Josephine!
Josephine is heavily wounded.
The yak gores you! The yak closely misses you. You furiously retaliate!
You headbutt the yak, but do no damage.
A basilisk comes into view.
You block Josephine's attack. The yak gores you!
* * * LOW HITPOINT WARNING * * *
You feel yourself speed up. You block the yak's attack.
The yak gores you but does no damage. Josephine hits you with a +0 dagger.
* * * LOW HITPOINT WARNING * * *
You block the yak's attack.
You closely miss Josephine.
Josephine is heavily wounded.
You slice Josephine!!
Josephine is severely wounded.
You block the yak's attack. x2; You block the wraith's attack.
Josephine draws life force from you!
* * * LOW HITPOINT WARNING * * *
Josephine is healed by the life force!
The yak gores you.
* * * LOW HITPOINT WARNING * * *
You slash Josephine!
Josephine is severely wounded.
You slash Josephine!
Josephine is almost dead.
The yak gores you but does no damage. x2; The wraith completely misses you.
You block the wraith's attack. Josephine hits you but does no damage.
You slice Josephine!!
You kill Josephine!
Your Long Blades skill increases to level 15!
It was a potion of resistance.
You feel protected. You block the wraith's attack.
The wraith hits you but does no damage. The yak gores you but does no damage.
The yak gores you!
* * * LOW HITPOINT WARNING * * *
The yak gores you but does no damage. x2
It was a potion of ambrosia.
You are confused.
You feel invigorated. The yak gores you!
You die...

##........ ...........
..........#
..........#
..........##
#.........##
#.........#
..#.#.Y)W...#
......Y@W...#
....#.YY....#
......l....##
.###.......#
#.......##
..P.........##
.............####
................###
.<................####


You could see 4 yaks, a basilisk and 2 wraiths.

Vanquished Creatures
  Josephine (Lair:5)
  Harold (Lair:1)
  A boulder beetle (Lair:3)
  A catoblepas (Lair:3)
  A bog body (Lair:2)
  Pikel (D:8)
  13 elephants
  A torpor snail (Lair:1)
  Maggie (D:8)
  4 cane toads
  2 rime drakes
  A komodo dragon (Lair:3)
  2 polar bears
  8 blink frogs
  2 dream sheep (Lair:1)
  5 wyverns
  A shadow (D:9)
  A basilisk (Lair:3)
  20 yaks
  A steam dragon (D:8)
  Menkaure (D:5)
  3 nagas (Lair:3)
  5 water moccasins
  Duvessa (D:5)
  2 ice beasts
  2 orc warriors (D:7)
  A black bear (Lair:1)
  2 sky beasts
  3 ogres
  4 centaurs
  27 wolves
  A phantom (D:7)
  A kobold brigand (D:6)
  10 bullfrogs
  A necrophage (D:4)
  A scorpion (D:6)
  Dowan (D:5)
  4 killer bees (D:9)
  A vampire bat (D:4)
  2 howler monkeys (D:8)
  2 hounds
  Crazy Yiuf (D:2)
  2 jellies
  3 orc priests
  3 iguanas
  An orc wizard (D:8)
  10 gnolls
  8 adders
  3 shadow imps
  4 white imps
  3 worms
  2 dart slugs
  3 fire bats (D:4)
  18 orcs
  2 spectral bats (D:4)
  6 ball pythons
  15 bats
  3 bat skeletons (D:4)
  A bat zombie (D:4)
  12 endoplasms
  3 giant cockroaches
  10 goblins
  7 hobgoblins
  2 jackals (D:4)
  4 quokkas
  A bat simulacrum (D:4)
  5 frilled lizards
  8 kobolds
  6 rats
289 creatures vanquished.

Vanquished Creatures (others)
  7 fungi
  45 plants
52 creatures vanquished.

Grand Total: 341 creatures vanquished

Notes
Turn   | Place    | Note
-------+----------+-------------------------------------------
     0 | D:1      | Iusername the Minotaur Fighter began the quest for the Orb.
     0 | D:1      | Reached XP level 1. HP: 19/19 MP: 0/0
   222 | D:1      | Reached XP level 2. HP: 26/27 MP: 1/1
  1272 | D:2      | Reached XP level 3. HP: 31/33 MP: 2/2
  2052 | D:2      | Found a runed translucent door.
  2053 | D:2      | Noticed Crazy Yiuf
  2059 | D:2      | Killed Crazy Yiuf
  2060 | D:2      | Reached skill level 3 in Long Blades
  2328 | D:2      | Reached XP level 4. HP: 38/40 MP: 3/3
  2364 | D:2      | Reached skill level 1 in Throwing
  2667 | D:3      | Found a faded altar of an unknown god.
  3012 | D:3      | Reached XP level 5. HP: 32/47 MP: 4/4
  3579 | D:3      | Reached skill level 4 in Long Blades
  3951 | D:4      | Reached skill level 1 in Dodging
  3968 | D:4      | Reached skill level 5 in Armour
  4118 | D:4      | Reached XP level 6. HP: 52/53 MP: 5/5
  5102 | D:4      | Reached skill level 5 in Long Blades
  5188 | D:4      | Found a staircase to the Ecumenical Temple.
  5621 | Temple   | Entered the Ecumenical Temple
  6109 | D:5      | Entered Level 5 of the Dungeon
  6109 | D:5      | Noticed Duvessa
  6109 | D:5      | Noticed Dowan
  6121 | D:4      | Reached XP level 7. HP: 45/60 MP: 6/6
  7231 | D:5      | Killed Duvessa
  7324 | D:5      | Killed Dowan
  7341 | D:5      | Noticed Menkaure
  7355 | D:5      | Reached skill level 6 in Long Blades
  7355 | D:5      | Reached skill level 5 in Shields
  7357 | D:5      | Killed Menkaure
  7358 | D:5      | Reached skill level 5 in Fighting
  7846 | D:5      | Reached XP level 8. HP: 68/68 MP: 7/7
  7926 | D:5      | Found a sacrificial altar of Ru.
  8589 | D:6      | Reached skill level 7 in Long Blades
  8990 | D:7      | Reached skill level 5 in Dodging
  8990 | D:7      | Reached skill level 1 in Stealth
  9032 | D:7      | Reached skill level 8 in Long Blades
  9381 | D:7      | Reached XP level 9. HP: 70/75 MP: 8/8
  9575 | D:7      | Found Riram's Antique Armour Shoppe.
  9601 | D:7      | Found Jocwif's Weapon Emporium.
 10501 | D:8      | Reached skill level 9 in Long Blades
 10502 | D:8      | Noticed Maggie
 10512 | D:8      | Killed Maggie
 10822 | D:8      | Noticed Pikel
 10827 | D:8      | Paralysed by Pikel for 3 turns
 10835 | D:8      | Killed Pikel
 10836 | D:8      | Reached skill level 10 in Long Blades
 10973 | D:8      | Reached XP level 10. HP: 68/84 MP: 9/9
 11919 | D:9      | Found a staircase to the Lair.
 11957 | Lair:1   | Entered Level 1 of the Lair of Beasts
 11957 | Lair:1   | Noticed an elephant
 11957 | Lair:1   | Noticed an elephant
 11960 | Lair:1   | Noticed an elephant
 11965 | Lair:1   | Reached skill level 11 in Long Blades
 11978 | D:9      | Killed an elephant
 11986 | D:9      | Killed an elephant
 12317 | Lair:1   | Killed an elephant
 12349 | Lair:1   | Noticed a cane toad
 12357 | Lair:1   | Killed a cane toad
 12380 | Lair:1   | Noticed a cane toad
 12387 | Lair:1   | Killed a cane toad
 12422 | Lair:1   | Found a dark tunnel.
 12531 | Lair:1   | Noticed a torpor snail
 12550 | Lair:1   | Killed a torpor snail
 12551 | Lair:1   | Reached skill level 10 in Armour
 12564 | Lair:1   | Reached XP level 11. HP: 25/93 MP: 10/10
 13423 | Lair:1   | Reached skill level 12 in Long Blades
 13463 | Lair:1   | HP: 3/94 [elephant (10)]
 15212 | Lair:2   | Noticed Harold
 15456 | Lair:1   | Killed Harold
 15457 | Lair:1   | Reached skill level 13 in Long Blades
 15520 | Lair:1   | Reached skill level 10 in Shields
 16053 | Lair:2   | Found a staircase to the Swamp.
 16053 | Lair:2   | Noticed a bog body
 16065 | Lair:2   | Killed a bog body
 16583 | Lair:2   | Reached XP level 12. HP: 104/104 MP: 11/11
 17831 | Lair:3   | Noticed a boulder beetle
 17875 | Lair:3   | Killed a boulder beetle
 18059 | Lair:3   | Noticed a catoblepas
 18101 | Lair:3   | Killed a catoblepas
 18102 | Lair:3   | Reached skill level 14 in Long Blades
 18837 | Lair:3   | Found a staircase to the Snake Pit.
 19255 | Lair:3   | Reached skill level 10 in Dodging
 19269 | Lair:3   | Reached skill level 10 in Fighting
 19844 | Lair:4   | You fall into a shaft and drop 1 floor!
 19844 | Lair:5   | Entered Level 5 of the Lair of Beasts
 20093 | Lair:5   | Noticed Josephine
 20111 | Lair:5   | Killed Josephine
 20112 | Lair:5   | Reached skill level 15 in Long Blades
 20112 | Lair:5   | HP: 2/104 [yak (9)]
 20113 | Lair:5   | Mangled by a yak

Illustrated notes

Levels and vault maps discovered:
D:1:      dpeg_arrival_more_subterranean_lakeside_camping, layout_basic,
          nicolae_hexahallways, grunt_decor_one_mirror,
          dreamdust_princess_bridge
D:2:      layout_basic, minmay_tromino_v4_b, uniq_crazy_yiuf_cottage
D:3:      layout_loops_ring, hellmonk_ecumenical_altar_run_dry
D:4:      layout_basic, minmay_temple_entry_proselytizer, goddamned_bats
D:5:      layout_loops_ring, old_standard_altar, kennysheep_decorative_pillar,
          uniq_duvessa, uniq_menkaure
D:6:      layout_loops_ring, serial_bayou_lagoon_a
D:7:      layout_cave_pools, serial_shops, shop, nicolae_shop_crystal
D:8:      layout_rooms, enter_bailey_3, nicolae_concentric_dashed_squares_wild,
          uniq_maggie, uniq_pikel
D:9:      due_chaos_kobolds, layout_stronghold, lemuel_doored_altar,
          overflow_temple_1_default, dpeg_oklobed_lair, serial_shops,
          nicolae_diamond_shop, st_stairs_11
Temple:   nicolae_temple_bog_church
Lair:1:   layout_cellular_growth, enter_volcano_4
Lair:2:   layout_cave_pods, skrybe_swamp_entry_bodies,
          grunt_forest_large_clearings, infiniplex_staircase_pool_2, uniq_harold
Lair:3:   layout_layer_cave, minmay_snake_entry_guardpost_small
Lair:4:   layout_layer_cave, slime_entry_1, lemuel_fruit_tree,
          grunt_megastairs_2, infiniplex_staircase_pool
Lair:5:   cheibrodos_lair_end_hotspot, layout_regular_city, uniq_josephine

Skill      XL: |  1  2  3  4  5  6  7  8  9 10 11 12 |
---------------+-------------------------------------+-----
Fighting       | 4 5 6 7 9 10 | 10.6
Armour         | 4 5 6 7 8 10 | 10.0
Shields        | 4 5 7 8 10 11 | 11.7
Long Blades    | 3 4 5 6 8 10 11 13 15 | 15.0
Throwing       | 1 2 |  2.1
Dodging        | 1 2 4 5 6 8 9 10 | 10.0
Stealth        | 1 |  1.6

Action                   |  1- 3 |  4- 6 |  7- 9 | 10-12 || total
-------------------------+-------+-------+-------+-------++-------
Melee: Long sword        |    59 |   166 |   209 |   546 ||   980
       Headbutt          |     9 |    29 |    49 |   154 ||   241
Throw: Javelin           |    18 |     3 |     2 |       ||    23
  Use: Potion            |     1 |     1 |     4 |    12 ||    18
       Scroll            |       |     8 |     9 |     3 ||    20
Armor: Scale mail        |    22 |   106 |    44 |       ||   172
       Skin              |       |       |     8 |    21 ||    29
       Plate armour      |       |       |    67 |   384 ||   451
Dodge: Dodged            |    18 |    91 |   147 |   393 ||   649
Block: Buckler           |    14 |    68 |   103 |   304 ||   489
